 Dungeon Crawl Stone Soup version 0.20-a0-876-g2c7b0bf (webtiles) character file.

141 Dfrag the Firebug (level 5, 0/42 HPs)
             Began as a Naga Fire Elementalist on Mar 15, 2017.
             Succumbed to a worker ant's poison
             ... on level 4 of the Dungeon.
             The game lasted 00:03:07 (1548 turns).

Dfrag the Firebug (Naga Fire Elementalist)          Turns: 1548, Time: 00:03:07

Health: 0/42       AC:  2    Str:  8 (10) XL:     5   Next: 24%
Magic:  10/10      EV: 10    Int: 19 (21) God:
Gold:   151        SH:  0    Dex: 10 (12) Spells: 6/10 levels left

rFire    + . .     SeeInvis +   (no weapon)
rCold    . . .     Gourm    .   a - +0 robe
rNeg     . . .     Faith    .   (no shield)
rPois    +         Spirit   .   (no helmet)
rElec    .         Reflect  .   (no cloak)
rCorr    .         Harm     +   (no gloves)
MR       +....                  (no barding)
Stlth    ++........             f - amulet of harm
Regen    0.2/turn               m - ring of protection from fire
MPRegen  0.2/turn               k - ring of protection from magic

@: brilliant, lethally poisoned (0 -> -7), very slightly contaminated, very slow
A: see invisible, deformed body, mutation resistance 1, poison resistance,
slowness 2, slow metabolism 1, spit poison 1, wild magic 1, AC +1
a: Spit Poison


You were on level 4 of the Dungeon.
You were not hungry.

You visited 1 branch of the dungeon, and saw 6 of its levels.

You collected 151 gold pieces.

Inventory:

Armour
 a - a +0 robe (worn)
Jewellery
 f - an amulet of harm (around neck)
 k - a ring of protection from magic (left hand)
 m - a ring of protection from fire (right hand)
 w - an uncursed ring of fire {unknown}
Wands
 l - a wand of digging (7/24)
Scrolls
 d - 2 scrolls of remove curse {unknown}
 e - 6 scrolls of identify {unknown}
 i - a scroll of recharging {unknown}
 j - a scroll of teleportation {unknown}
 n - a scroll of fear {unknown}
 q - a scroll of enchant weapon {unknown}
 r - a scroll of fog {unknown}
Potions
 o - a potion of curing {unknown}
 p - a potion of magic
 t - a potion of mutation
 u - a potion of agility {unknown}
Books
 b - a book of Flames

   Spells                             Type                      Level
   a - Flame Tongue                   Conjuration/Fire             1
   b - Throw Flame                    Conjuration/Fire             2
   c - Conjure Flame                  Conjuration/Fire             3
   d - Inner Flame                    Hexes/Fire                   3
   e - Sticky Flame                   Conjuration/Fire             4
   f - Fireball                       Conjuration/Fire             5
Comestibles
 c - 4 bread rations
 h - 3 royal jellies
 v - a fruit


   Skills:
 - Level 1.5 Dodging
 - Level 3.0 Stealth
 + Level 3.3 Spellcasting
 + Level 2.7 Conjurations
 + Level 4.0 Fire Magic


You had 6 spell levels left.
You knew the following spells:

 Your Spells              Type           Power        Failure   Level  Hunger
a - Flame Tongue          Conj/Fire      #####        1%          1    None
b - Conjure Flame         Conj/Fire      #####...     2%          3    ###....


Dungeon Overview and Level Annotations

Branches:
Dungeon (6/15)
 Temple: D:4-7

Altars:
Ru

Shops:
D:5 [

Annotations:
D:3 Marconious's ghost, amateur GrFi


Innate Abilities, Weirdness & Mutations

You cannot wear boots.
Your serpentine skin is tough. (AC +1)
You have supernaturally acute eyesight. (SInv)
Armour fits poorly on your strangely shaped body.
Your system is resistant to poisons. (rPois)
You cover ground very slowly.
You have a slow metabolism.
You can spit poison.
You are somewhat resistant to further mutation.
Your spells are a little harder to cast, but a little more powerful.


Message History

The worker ant is lightly wounded.
The worker ant barely misses you.
Unknown command.
It was a potion of magic.
Magic courses through your body. The worker ant bites you.
* * * LOW HITPOINT WARNING * * *
It was a potion of brilliance.
You feel clever all of a sudden. The worker ant bites you.
* * * LOW HITPOINT WARNING * * *
You are lethally poisoned!
The worker ant poisons you!
It was a potion of degeneration.
There was something very wrong with that liquid.
You feel weakened.
You feel dopey.
You feel clumsy.
* * * LOW HITPOINT WARNING * * *
You feel sick. The worker ant barely misses you. x2
It was a potion of mutation.
You feel extremely strange.
You feel less in control of your magic.
You feel genetically stable.
You die...

.#........####.#..#
...............#..##.
........##...........
...###..##...........
..># #..##...#.#..##.
...# #......##.#..#
.......#.##.##.#..#
..#....#.......†..#
.###.#####......@###.
..
...#.?......a†....#
##
##.#..#...<..####.#
....#......##
##.....##.##
.$......<.#
######.#### .. ##


You could see a worker ant.

Vanquished Creatures
  An orc priest (D:5)
  An iguana (D:5)
  3 adders (D:2)
  An ooze (D:5)
  An adder skeleton (D:4)
  4 worms
  A dart slug (D:4)
  2 leopard geckos (D:1)
  A ball python (D:2)
  A bat (D:1)
  A giant cockroach (D:2)
  3 goblins
  6 hobgoblins
  4 kobolds
  2 quokkas
  2 frilled lizards (D:2)
  A quokka skeleton (D:6)
  4 rats
39 creatures vanquished.

Notes
Turn   | Place    | Note
-------+----------+-------------------------------------------
     0 | D:1      | Dfrag the Naga Fire Elementalist began the quest for the Orb.
     0 | D:1      | Reached XP level 1. HP: 15/15 MP: 3/3
   138 | D:1      | Reached XP level 2. HP: 22/22 MP: 3/5
   517 | D:2      | Reached XP level 3. HP: 19/28 MP: 2/6
   522 | D:2      | Learned a level 3 spell: Conjure Flame
   801 | D:2      | Reached XP level 4. HP: 15/36 MP: 4/8
   949 | D:3      | Noticed Marconious's ghost (amateur GrFi)
  1041 | D:3      | You fall through a shaft for 3 floors!
  1074 | D:5      | Entered Level 5 of the Dungeon
  1164 | D:5      | Found Jeijie's Antique Armour Boutique.
  1438 | D:5      | Found a sacrificial altar of Ru.
  1479 | D:5      | Reached skill level 4 in Fire Magic
  1479 | D:5      | Reached XP level 5. HP: 17/42 MP: 7/9
  1546 | D:4      | HP: 2/42 [worker ant (1)]
  1548 | D:4      | Gained mutation: Your spells are a little harder to cast, but a little more powerful. [potion of mutation]
  1548 | D:4      | Gained mutation: You are somewhat resistant to further mutation. [potion of mutation]
  1548 | D:4      | Succumbed to a worker ant's poison

Vault maps used:
D:1:      evilmike_arrival_run_for_it
D:3:      kennysheep_big_flooded_room
D:4:      minmay_temple_entry_junction
D:5:      lemuel_doored_altar, serial_shops, nicolae_shop_statue_plus,
          first_bread, lemuel_flamethrower_2

Skill      XL: |  1  2  3  4 |
---------------+-------------+-----
Conjurations   | 2 |  2.7
Spellcasting   | 3 |  3.3
Fire Magic     | 4 |  4.0
Dodging        | |  1.5
Stealth        | |  3.0

Action                   |  1- 3 |  4- 6 || total
-------------------------+-------+-------++-------
Melee: Unarmed           |     9 |     6 ||    15
 Cast: Flame Tongue      |    39 |    33 ||    72
 Abil: Spit Poison       |    20 |     6 ||    26
  Use: Potion            |       |     4 ||     4
  Eat: Chunk             |     1 |     2 ||     3
Armor: Robe              |     2 |     4 ||     6
Dodge: Dodged            |    18 |    15 ||    33
